 Dungeon Crawl Stone Soup version 0.30-a0-1074-g5db6f66fbb (webtiles) character file.

Game seed: 10851649757121838775

44 jimonade the Grasshopper (level 3, 0/28 HPs)
             Began as a Formicid Warper on Apr 14, 2023.
             Slain by a gnoll
             ... wielding a +0 club
              (2 damage)
             ... on level 1 of the Dungeon.
             The game lasted 00:02:58 (1121 turns).

jimonade the Grasshopper (Formicid Warper)          Turns: 1121, Time: 00:02:59

Health: 0/28       AC:  5    Str: 15    XL:     3   Next: 87%
Magic:  6/6        EV: 11    Int: 12    God:
Gold:   140        SH:  0    Dex: 15    Spells: 6/6 levels left

rFire   . . .      SeeInvis +    a - +0 short sword
rCold   . . .      Faith    .    (no shield)
rNeg    . . .      Spirit   .    f - +0 ring mail
rPois   .          Reflect  .    (helmet unavailable)
rElec   .          Rampage  .    (no cloak)
rCorr   .                        (no gloves)
Will    .....                    (no boots)
Stlth   +                        (no amulet)
HPRegen 0.24/turn                (no ring)
MPRegen 0.10/turn                (no ring)

@: no status effects
A: permanent stasis, dig shafts and tunnels, antennae 3, four strong arms
a: Dig, Shaft Self


You were on level 1 of the Dungeon.
You visited 1 branch of the dungeon, and saw 2 of its levels.

You collected 140 gold pieces.

Inventory:

Hand Weapons
 a - a +0 short sword (weapon)
 l - a +0 sling
Missiles
 d - 7 boomerangs of dispersal (quivered)
 i - 4 curare-tipped darts
Armour
 b - a +0 leather armour
 f - a +0 ring mail (worn)
 j - a +0 plate armour
Scrolls
 c - 2 scrolls of blinking
 g - a scroll of enchant weapon {unknown}
 h - a scroll of teleportation {unknown}
 k - a scroll of fog {unknown}
Potions
 e - a potion of curing {unknown}
 m - a potion of cancellation {unknown}


   Skills:
 + Level 2.3 Fighting
 + Level 2.5 Short Blades
 - Level 1.0 Throwing
 + Level 1.3 Armour
 + Level 2.0 Dodging
 + Level 2.2 Spellcasting
 * Level 3.4 Translocations


You had 6 spell levels left.
You didn't know any spells.
Your spell library contained the following spells:

 Spells                   Type           Power      Damage    Failure   Level
 Lesser Beckoning         Tloc           18%        N/A       19%         2
 Teleport Other           Tloc           9%         N/A       36%         3
 Manifold Assault         Tloc           9%         N/A       77%         4
 Ozocubu's Armour         Ice            1%         N/A       83%         3
 Ozocubu's Refrigeration  Ice            0%         4d7       100%        7
 Blink                    Tloc           Unusable   N/A       N/A         2
 Vhi's Electric Charge    Tloc/Air       Unusable   N/A       N/A         3

Dungeon Overview and Level Annotations

Branches:
Dungeon (2/15)

Altars:


Innate Abilities, Weirdness & Mutations

You cannot be hasted, slowed, berserked, paralysed or teleported.
You can dig through walls and to a lower floor.
You have a pair of large antennae on your head. (SInv)
Your four strong arms can wield two-handed weapons with a shield.


Message History

The gnoll attacks as you move away! The gnoll misses you.
The goblin shoots a sling bullet.
The sling bullet barely misses you.
The goblin shoots a sling bullet.
The sling bullet hits you but does no damage.
The gnoll attacks as you move away! The gnoll barely misses you.
The gnoll hits you from afar with a +0 heavy spear!
The gnoll completely misses you. The gnoll barely misses you.
The goblin unwields a +0 sling.
The goblin wields a +0 club.
The goblin closely misses you.
The gnoll hits you from afar with a +0 heavy spear.
The gnoll attacks as you move away! The gnoll hits you but does no damage.
The goblin hits you with a +0 club. The gnoll attacks as you move away!
The gnoll closely misses you. The goblin attacks as you move away!
The goblin misses you. The gnoll misses you.
You see here a hobgoblin corpse.
The gnoll attacks as you move away! The gnoll hits you with a +0 club.
The gnoll attacks as you move away! The gnoll misses you.
There is an open door here.
The gnoll attacks as you move away! The gnoll closely misses you.
The gnoll attacks as you move away! The gnoll hits you with a +0 club.
There is a stone staircase leading up here.
The gnoll hits you with a +0 club.
You climb upwards.
There is a stone staircase leading down here.
You hit the gnoll.
The gnoll is lightly wounded.
The gnoll hits you with a +0 club.
* * * LOW HITPOINT WARNING * * *
You hit the gnoll but do no damage.
The gnoll is lightly wounded.
The gnoll hits you with a +0 club.
* * * LOW HITPOINT WARNING * * *
You hit the gnoll.
The gnoll is heavily wounded.
The gnoll hits you but does no damage.
You hit the gnoll.
The gnoll is severely wounded.
The gnoll hits you with a +0 club.
You die...

#.## #.#######..# #.
#.# #.# #.†# #. #.# #.#
#..# ##. #.# #.# #..#
#.. #.# #.# #..# #..
#.# #.#######..# #..
#.# #..........# ##.
#.# #..####...## ## #.#
#g@####..#########. #.#
#..##...###########
#.##
#..##...##♣..#⌠.⌠##
#).#
#..##.#.+....#...##
##.#
#..##...##P..#..♣## #.#
#####.......+...<#>._♣#
#.#
#...##.#....##P..#..♣##
#.#
#.#.........'....#...##
#.#
#...##.#....##♣..#⌠)⌠##


You could see a gnoll.

Vanquished Creatures
  An adder (D:2)
  A worm (D:2)
  4 ball pythons (D:1)
  2 endoplasms (D:1)
  A giant cockroach (D:1)
  3 goblins (D:1)
  3 hobgoblins
  4 jackals (D:1)
  A quokka (D:1)
  3 bats (D:1)
  2 frilled lizards (D:1)
  4 kobolds (D:1)
  2 rats
31 creatures vanquished.

Notes
Turn   | Place    | Note
-------+----------+-------------------------------------------
     0 | D:1      | jimonade the Formicid Warper began the quest for the Orb.
     0 | D:1      | Reached XP level 1. HP: 16/16 MP: 3/3
   132 | D:1      | Reached XP level 2. HP: 21/22 MP: 5/5
   173 | D:1      | Reached skill level 3 in Translocations
   404 | D:1      | Reached XP level 3. HP: 24/28 MP: 6/6
  1121 | D:1      | Slain by a gnoll

Illustrated notes

Levels and vault maps discovered:
D:1:      spicycebolla_arrival_ecumenical, layout_loops_ring
D:2:      layout_basic, kennysheep_generic_room_8

Skill      XL: |  1  2  3 |
---------------+----------+-----
Translocations | 3 |  3.4
Dodging        | 2 |  2.0
Fighting       | |  2.3
Short Blades   | |  2.5
Throwing       | |  1.0
Armour         | |  1.3
Spellcasting   | |  2.2

Action                     || total
---------------------------++-------
  Melee: Short sword       ||   173
         Punch             ||     2
 Armour: Leather armour    ||     7
         Ring mail         ||    53
  Dodge: Dodged            ||    93

Table legend: (Time is in decaauts)
 A = Elapsed time spent in this place.
 B = Non-inter-level travel time spent in this place.
 C = Inter-level travel time spent in this place.
 D = Time resting spent in this place.
 E = Time spent auto-exploring this place.
 F = Levels seen in this place.
 G = Mean time per level.
                   A        B        C        D        E       F      G
               +--------+--------+--------+--------+--------+-----+--------+
         Total |   1102 |   1077 |     25 |      0 |    662 |   2 |  551.0 |
       Dungeon |   1102 |   1077 |     25 |      0 |    662 |   2 |  551.0 |
               +--------+--------+--------+--------+--------+-----+--------+

Top non-repeatable levels by time:
     D:1: 851 daAuts
     D:2: 250 daAuts
